 Dungeon Crawl Stone Soup version 0.25.0-9-g26727b657a (webtiles) character file.

Game seed: 5550189537884915333

1433933 mortelune the Metallomancer (level 27, 292/293 HPs)
             Began as a Vampire Conjurer on June 16, 2020.
             Was an Initiate of Gozag.
             Escaped with the Orb
             ... and 3 runes on June 17, 2020!
             The game lasted 06:21:04 (127101 turns).

mortelune the Metallomancer (Vampire Conjurer)    Turns: 127101, Time: 06:21:04

Health: 292/293    AC: 37    Str: 13    XL:     27
Magic:  50/56      EV: 30    Int: 51    God:    Gozag
Gold:   6672       SH:  7    Dex: 16    Spells: 12/67 levels left

rFire    + . .     SeeInvis +   a - +8 war axe "Kesuodoo" {vorpal, Int+5}
rCold    + . .     Gourm    .   u - +2 buckler {reflect}
rNeg     + + +     Faith    .   (armour currently unavailable)
rPois    ∞         Spirit   .   z - +2 helmet of Tenacity {rN+ Int+4 Dex+4}
rElec    +         Reflect  +   N - scarf {rC+ rF+}
rCorr    .         Harm     .   (gloves currently unavailable)
MR       ++...                  (boots currently unavailable)
Stlth    +.........             l - amulet of Zoniarabb {Acrobat rN+ MP+9 Int+9}
HPRegen  0.78/turn              J - ring "Sahugej" {+Blink +Inv rElec Str+6 Int+6 Dex-4}
MPRegen  0.35/turn              W - ring of wizardry

@: statue-form, regenerating quickly, very slow
A: no food, fangs 3, see invisible, deformed body, poison resistance, weak 1,
unbreathing
0: Orb of Zot
}: 3/15 runes: decaying, serpentine, silver
a: Exsanguinate, End Transformation, Potion Petition, Call Merchant, Bribe
Branch, Renounce Religion, Evoke Blink, Evoke Invisibility


You escaped.
You worshipped Gozag.
Gozag was greatly pleased with you.
You were alive.
You were a stone statue.
You visited 10 branches of the dungeon, and saw 50 of its levels.
You visited the Abyss 1 time.
You visited 2 bazaars.
You also visited: Trove and Wizlab.

You collected 35123 gold pieces.
You spent 13731 gold pieces at shops.
You paid 14720 gold pieces to Gozag.

Inventory:

Hand Weapons
 a - the +8 war axe "Kesuodoo" (weapon) {vorpal, Int+5}
   (You bought it in a shop in a bazaar)

   It inflicts extra damage upon your enemies.
   It affects your intelligence (+5).
 b - the +9 staff of Wucad Mu {channel}
   (You found it in a wizard's laboratory)
 q - the +6 rapier of Perfectionism {freeze, *Rage +Inv +Fly rF++}
   (You found it on level 3 of the Snake Pit)

   It has been specially enchanted to freeze those struck by it, causing extra
   injury to most foes and up to half again as much damage against particularly
   susceptible opponents.
   It can also slow down cold-blooded creatures.
   It greatly protects you from fire.
   It lets you turn invisible.
   It lets you fly.
   It may make you go berserk in combat.
Armour
 g - a +1 pair of gloves of dexterity (melded)
 j - the +3 robe "Xistaner" {Str+7 Int+4 Slay+3}
   (You bought it in a shop on level 2 of the Orcish Mines)

   It affects your strength (+7).
   It affects your intelligence (+4).
   It affects your accuracy and damage with ranged weapons and melee attacks
   (+3).
 u - a +2 buckler of reflection (worn)
 z - the +2 helmet of Tenacity (worn) {rN+ Int+4 Dex+4}
   (You found it on level 4 of the Dungeon)

   It affects your intelligence (+4).
   It affects your dexterity (+4).
   It protects you from negative energy.
 N - a scarf of resistance (worn)
 U - the +3 salamander hide armour (melded) {+Rage rF++}
   (You bought it in a shop on level 13 of the Dungeon)

   It greatly protects you from fire.
   It lets you go berserk.
 V - the +0 pair of boots of Evinihaj (melded) {rElec Int+5 Dex-4}
   (You bought it in a shop on level 3 of the Vaults)

   It affects your intelligence (+5).
   It affects your dexterity (-4).
   It insulates you from electricity.
Jewellery
 l - the amulet of Zoniarabb (around neck) {Acrobat rN+ MP+9 Int+9}
   (You acquired it on level 3 of the Elven Halls)

   [amulet of the acrobat]

   It helps you evade while moving and waiting.
   It affects your intelligence (+9).
   It protects you from negative energy.
   It affects your magic capacity (+9).
 m - the ring of Lady Luck {+Blink rPois rC+ Dex-4}
   (You bought it in a shop in a bazaar)

   [ring of dexterity]

   It affects your dexterity (-4).
   It protects you from cold.
   It protects you from poison.
   It lets you blink.
 w - an uncursed amulet of magic regeneration
 x - the amulet of Leilacoq {rPois rN+ MR+ Regen+}
   (You bought it in a shop on level 1 of the Elven Halls)

   [amulet of regeneration]

   It protects you from poison.
   It protects you from negative energy.
   It affects your resistance to hostile enchantments.
   It increases your rate of regeneration.
 C - an uncursed ring of resist corrosion
 J - the ring "Sahugej" (left hand) {+Blink +Inv rElec Str+6 Int+6 Dex-4}
   (You found it on level 6 of the Dungeon)

   [ring of strength]

   It affects your strength (+6).
   It affects your intelligence (+6).
   It affects your dexterity (-4).
   It insulates you from electricity.
   It lets you turn invisible.
   It lets you blink.
 S - the ring "Uvix" {Fire rPois MR+ Dex-2 Slay+3}
   (You bought it in a shop on level 1 of the Elven Halls)

   [ring of fire]

   It enhances your fire magic.
   It affects your dexterity (-2).
   It affects your accuracy and damage with ranged weapons and melee attacks
   (+3).
   It protects you from fire.
   It makes you vulnerable to cold.
   It protects you from poison.
   It affects your resistance to hostile enchantments.
 W - a ring of wizardry (right hand)
Wands
 d - a wand of disintegration (34)
 v - a wand of clouds (33)
 y - a wand of paralysis (11)
 D - a wand of digging (7)
 I - a wand of iceblast (45)
 M - a wand of acid (49)
Scrolls
 e - 12 scrolls of fear
 f - 7 scrolls of fog
 i - 16 scrolls of identify
 n - 15 scrolls of enchant armour
 t - 13 scrolls of teleportation
 A - 23 scrolls of remove curse
 B - 11 scrolls of blinking
 E - 2 scrolls of brand weapon
 F - 10 scrolls of immolation
 H - 20 scrolls of enchant weapon
 P - 6 scrolls of magic mapping
 R - 2 scrolls of summoning
 Z - 11 scrolls of amnesia
Potions
 c - 7 potions of cancellation
 h - 6 potions of mutation
 k - 22 potions of curing
 o - 8 potions of might
 r - a potion of haste
 G - 12 potions of heal wounds
 K - 6 potions of magic
 L - 4 potions of invisibility
 O - 4 potions of stabbing
 Q - 2 potions of resistance
 T - 5 potions of flight
 X - 5 potions of lignification
 Y - 4 potions of brilliance
Miscellaneous
 p - a phial of floods
 s - 4 phantom mirrors


   Skills:
 + Level 20.5 Fighting
 - Level 11.6 Armour
 + Level 22.0 Dodging
 - Level 3.0 Stealth
 - Level 4.0 Shields
 + Level 20.7 Spellcasting
 - Level 6.5 Conjurations
   Level 6.3 Hexes
 * Level 11.9 Necromancy
 - Level 2.0 Transmutations
 + Level 18.7 Air Magic
 + Level 22.7 Earth Magic
 - Level 17.6 Evocations


You had 12 spell levels left.
You knew the following spells:

 Your Spells              Type           Power        Failure   Level  Hunger
a - Magic Dart            Conj           ####         0%          1    N/A
b - Lee's Rapid Deconstr  Erth           ########..   0%          5    N/A
c - Stone Arrow           Conj/Erth      ######       0%          3    N/A
d - Shatter               Erth           ########..   1%          9    N/A
e - Iron Shot             Conj/Erth      ########..   1%          6    N/A
f - Sublimation of Blood  Necr           ########..   0%          2    N/A
g - Blink                 Tloc           N/A          1%          2    N/A
h - Passwall              Tmut/Erth      ########     0%          2    N/A
i - Tornado               Air            ########..   5%          9    N/A
q - Summon Lightning Spi  Summ/Air       #######.     1%          4    N/A
s - Statue Form           Tmut/Erth      ########.    1%          6    N/A
z - Conjure Ball Lightni  Conj/Air       ########..   1%          6    N/A

Your spell library contained the following spells:

 Spells                   Type           Power        Failure   Level  Hunger
 Animate Skeleton         Necr           N/A          0%          1    N/A
 Corona                   Hex            #######      0%          1    N/A
 Pain                     Necr           ####         0%          1    N/A
 Sandblast                Erth           ######       0%          1    N/A
 Poisonous Vapours        Pois/Air       ######       0%          2    N/A
 Static Discharge         Conj/Air       ########     0%          3    N/A
 Vampiric Draining        Necr           ########..   0%          3    N/A
 Animate Dead             Necr           N/A          0%          4    N/A
 Leda's Liquefaction      Hex/Erth       ########..   0%          4    N/A
 Petrify                  Tmut/Erth      ########     0%          4    N/A
 Borgnjor's Vile Clutch   Necr/Erth      ########..   0%          5    N/A
 Apportation              Tloc           ######       1%          1    N/A
 Foxfire                  Conj/Fire      ####         1%          1    N/A
 Infusion                 Chrm           ####         1%          1    N/A
 Sting                    Tmut/Pois      ####         1%          1    N/A
 Summon Butterflies       Summ           ######..     1%          1    N/A
 Summon Small Mammal      Summ           ####         1%          1    N/A
 Call Imp                 Summ           ######..     1%          2    N/A
 Ensorcelled Hibernation  Hex/Ice        ######       1%          2    N/A
 Searing Ray              Conj           ######       1%          2    N/A
 Shroud of Golubria       Chrm/Tloc      ######       1%          2    N/A
 Slow                     Hex            #######.     1%          2    N/A
 Song of Slaying          Chrm           ######..     1%          2    N/A
 Call Canine Familiar     Summ           ######..     1%          3    N/A
 Conjure Flame            Conj/Fire      ######..     1%          3    N/A
 Dazzling Flash           Conj/Hex       ######       1%          3    N/A
 Gell's Gravitas          Tloc           ######....   1%          3    N/A
 Ignite Poison            Fire/Tmut/Pois ######..     1%          3    N/A
 Inner Flame              Hex/Fire       ######..     1%          3    N/A
 Mephitic Cloud           Conj/Pois/Air  #######.     1%          3    N/A
 Ozocubu's Armour         Chrm/Ice       ######..     1%          3    N/A
 Portal Projectile        Hex/Tloc       ######       1%          3    N/A
 Recall                   Summ/Tloc      N/A          1%          3    N/A
 Spectral Weapon          Hex/Chrm       ######..     1%          3    N/A
 Summon Guardian Golem    Hex/Summ       ######..     1%          3    N/A
 Teleport Other           Tloc           ######..     1%          3    N/A
 Tukima's Dance           Hex            #######.     1%          3    N/A
 Cause Fear               Hex            #######...   1%          4    N/A
 Fulminant Prism          Conj/Hex       #######...   1%          4    N/A
 Iskenderun's Mystic Bla  Conj/Tloc      ######..     1%          4    N/A
 Sticky Flame             Conj/Fire      ######..     1%          4    N/A
 Summon Ice Beast         Ice/Summ       ######..     1%          4    N/A
 Agony                    Necr           ########     1%          5    N/A
 Alistair's Intoxication  Tmut/Pois      ######..     1%          5    N/A
 Bolt of Magma            Conj/Fire/Erth ########..   1%          5    N/A
 Fireball                 Conj/Fire      ######....   1%          5    N/A
 Irradiate                Conj/Tmut      #######...   1%          5    N/A
 Lightning Bolt           Conj/Air       ########..   1%          5    N/A
 Silence                  Hex/Air        ########..   1%          5    N/A
 Summon Mana Viper        Hex/Summ       ######..     1%          5    N/A
 Yara's Violent Unravell  Hex/Tmut       #######...   1%          5    N/A
 Darkness                 Hex            #######...   1%          6    N/A
 Death Channel            Necr           ########..   1%          6    N/A
 Freezing Cloud           Conj/Ice/Air   #######...   1%          6    N/A
 Simulacrum               Ice/Necr       #######...   1%          6    N/A
 Starburst                Conj/Fire      ######....   4%          6    N/A
 Infestation              Necr           ########..   6%          8    N/A
 Hydra Form               Tmut           ######....   8%          6    N/A
 Haunt                    Necr/Summ      #######...   9%          7    N/A
 Eringya's Noxious Bog    Tmut/Pois      ######....   12%         6    N/A
 Shadow Creatures         Summ           N/A          16%         6    N/A
 Dragon Form              Tmut           ######....   38%         7    N/A
 Discord                  Hex            #######...   45%         8    N/A
 Ring of Flames           Chrm/Fire      ######....   65%         7    N/A
 Summon Hydra             Summ           ######....   65%         7    N/A
 Disjunction              Tloc           ######....   99%         8    N/A
 Ignition                 Fire           ######....   99%         8    N/A
 Borgnjor's Revivificati  Necr           Unusable     N/A         8    N/A
 Necromutation            Tmut/Necr      Unusable     N/A         8    N/A
 Death's Door             Chrm/Necr      Unusable     N/A         8    N/A

Dungeon Overview and Level Annotations

Branches:
Dungeon (15/15)            Temple (1/1) D:6            Lair (6/6) D:8
  Swamp (4/4) Lair:3        Snake (4/4) Lair:3        Slime (0/5) Lair:5
    Orc (2/2) D:12            Elf (3/3) Orc:2        Vaults (5/5) D:13
  Crypt (0/3) Vaults:3     Depths (5/5) D:15            Zot (5/5) Depths:5
 WizLab (visited)

Altars:
Ashenzari
Cheibriados
Dithmenos
Elyvilon
Fedhas
Gozag
Hepliaklqana
Kikubaaqudgha
Makhleb
Nemelex Xobeh
Okawaru
Qazlal
Ru
Sif Muna
Trog
Uskayaw
Vehumet
Wu Jian
Xom
Yredelemnul
Zin
The Shining One
Beogh
Jiyva

Shops:
D:4 %   D:8 [   D:13 [:   Orc:2 *==[   Elf:1 =   Elf:3 }=}   Lair:2 [
Vaults:2 *   Vaults:3 ?([   Depths:3 ?(   Depths:4 !**

Portals:
Hell: Lair:6 Depths:1 Depths:2 Depths:3 Depths:4 Depths:5
Abyss: Depths:1 Depths:4 Depths:5
Pandemonium: Depths:3 Depths:4
Ziggurat: Depths:3

Annotations:
Lair:6 Lairpasfini
Snake:4 Soawkar's ghost, adept GrFi
Elf:2 3 runed translucent doors
Depths:2 3 runed translucent doors, Dameikh's ghost, veteran FoFi; Ubraesch's ghost, adept TrMo
Depths:4 2 runed translucent doors
Zot:2 2 transporters


Innate Abilities, Weirdness & Mutations

You do not eat.
Your natural rate of healing is unusually fast.
You have razor-sharp teeth.
You have supernaturally acute eyesight. (SInv)
You can survive without breathing.
Armour fits poorly on your strangely shaped body.
Your system is resistant to poisons. (rPois)
You are weak. (Str -2)


Message History

The winds around you start to calm down.
You float gracefully downwards.
You are engulfed in raging winds.
The winds around you calm down.
You open the door.
There is an open door here.
There is a stone staircase leading up here.
You climb upwards.
There is a stone staircase leading down here.
(D) Dungeon (T) Temple (L) Lair (S) Swamp (P) Snake Pit (M) Slime Pits (O) Orcish Mines (E) Elven Halls (V) Vaults (C) Crypt (U) Depths (H) Hell (Z) Zot
Where to? (Enter - D:1, ? - help)
Okay, then.
There is a fountain of clear blue water here.
There is an open door here.
There is an open door here.
There is a staircase leading out of the dungeon here.
You have escaped!

#.# #....# #.# #......... #
#.######.# #.# #########+ ##
#........# #.## ##..
.##########.# #..### ##... ..##
##.##.# ##.#.## ##....
...####...#.### ##....####.....
...'..........#####........'.....
...####.....###...##....####.....
..## ##.#####..8..##..## ##....
.## #######.%...###### ##... ##
###...###...###...### ##.. #
##.......##'##.......## ##'
#.........#.#.........# #.
######.........'.'.........# #.
....##.........#.#.........# ##.
###.###.......##'##.......#####..
......###...####.####...###>.....


There were no monsters in sight!

Vanquished Creatures
  2 pandemonium lords
  An orb of fire (Zot:1)
  Mara (Snake:4)
  6 ancient liches
  2 juggernauts (Depths:3)
  Sojobo (D:15)
  Margery (Vaults:2)
  Vashnia (Snake:3)
  2 Killer Klowns (Zot:5)
  5 curse toes
  3 caustic shrikes (Depths:3)
  Nikola (Depths:1)
  A bone dragon (Depths:5)
  16 golden dragons
  A Tzitzimitl (Depths:1)
  3 liches
  4 electric golems
  A hellephant (D:6)
  22 tentacled monstrosities
  An iron giant (Depths:2)
  2 Hell Sentinels
  11 Orb Guardians
  2 titans (Vaults:5)
  3 deep elf blademasters
  8 quicksilver dragons
  A quicksilver dragon (shapeshifter) (Vaults:2)
  2 deep elf master archers (Elf:3)
  3 acid blobs (Depths:1)
  9 sphinxes
  14 death cobs
  A tentacled starspawn (Abyss:4)
  10 tengu reavers
  10 shadow dragons
  2 thorn hunters (Swamp:4)
  16 storm dragons
  Kirke (D:14)
  Roxanne (D:15)
  11 draconian monks
  An azure jelly (Depths:1)
  11 nagarajas
  5 ghost moths
  9 fire giants
  13 frost giants
  6 draconian knights
  7 deep elf sorcerers
  11 vault wardens
  8 draconian scorchers
  3 iron dragons
  Louise (Snake:1)
  A balrug (D:6)
  The ghost of Kiokkeho the Brawler, a journeyman TrMo of Qazlal (D:13)
  A reaper (D:6)
  The ghost of GordonOverkill the Severer, a journeyman MiWz of Qazlal (Orc:2)
  7 deep elf elementalists (Elf:3)
  5 draconian shifters
  3 war gargoyles
  6 draconian annihilators
  2 draconian stormcallers
  3 spriggan defenders (Depths:3)
  14 ironheart preservers
  26 stone giants
  25 very ugly things
  4 entropy weavers
  3 vampire knights
  8 deep elf demonologists
  12 black draconians
  16 green draconians
  12 red draconians
  12 white draconians
  A dire elephant (Lair:6)
  14 purple draconians
  5 spark wasps
  11 deep elf annihilators
  7 yellow draconians
  21 ettins
  3 death oozes (Depths:1)
  13 deep elf death magi
  A green death (D:15)
  2 merfolk impalers (Orc:2)
  16 fire dragons
  Snorg (D:11)
  6 great orbs of eyes
  6 rakshasas
  23 yaktaur captains
  5 jiangshi
  7 deep elf high priests
  11 ice dragons
  33 vault guards
  Fannar (D:11)
  A catoblepas (Zot:4)
  23 hydras
  A hell beast (Lair:6)
  15 naga warriors
  19 anacondas
  A shambling mangrove (Swamp:3)
  A ghost crab (Swamp:4)
  10 alligators
  3 death knights
  13 centaur warriors
  14 deep troll shamans
  5 spriggan air magi
  An anaconda (shapeshifter) (Vaults:1)
  A queen ant (Lair:6)
  20 ogre magi
  A two-headed ogre (shapeshifter) (Vaults:5)
  56 two-headed ogres
  9 tengu warriors
  6 vampire magi
  8 deep troll earth magi
  2 orc high priests
  2 thrashing horrors (Abyss:4)
  9 shock serpents
  24 deep elf knights
  2 sun demons (D:6)
  15 naga sharpshooters
  9 spriggan berserkers
  The ghost of Imnulubo the Destroyer, a novice TeFE of Vehumet (Lair:1)
  2 salamander mystics (Snake:4)
  2 shadow wraiths
  8 iron trolls
  3 soul eaters
  A sixfirhy (Depths:1)
  3 unseen horrors
  22 hell knights
  12 swamp dragons
  2 unseen horrors (shapeshifter)
  4 flayed ghosts
  4 glowing orange brains
  An infernal demonspawn (Depths:3)
  31 deep trolls
  A glowing orange brain (shapeshifter) (Vaults:4)
  A death drake (shapeshifter) (Vaults:3)
  A torturous demonspawn (Depths:4)
  2 spriggan druids
  A lindwurm (shapeshifter) (Vaults:5)
  A shadow demon (Depths:3)
  25 deep elf archers
  16 ironbrand convokers
  17 orc knights
  4 orange crystal statues
  3 phantasmal warriors (Vaults:5)
  8 naga ritualists
  5 wizards
  Pikel (D:6)
  11 necromancers
  A tengu zombie (Vaults:2)
  2 human zombies (Vaults:1)
  13 mana vipers
  2 wolf spiders
  6 salamanders
  64 deep elf magi
  8 cyclopes
  3 oklob plants
  7 orc sorcerers
  29 moths of wrath
  A manticore (D:11)
  59 ugly things
  A fire giant skeleton (Vaults:2)
  3 elephants
  12 vault sentinels
  A shock serpent zombie (Abyss:4)
  A stone giant skeleton (Depths:2)
  A centaur zombie (D:12)
  A water nymph (shapeshifter) (Vaults:4)
  31 black mambas
  A rust devil (Depths:3)
  9 apocalypse crabs (Zot:3)
  A black mamba (shapeshifter) (Depths:3)
  A guardian serpent (shapeshifter) (Vaults:1)
  13 guardian serpents
  A torpor snail (shapeshifter) (Vaults:5)
  2 smoke demons
  5 orange demons
  17 spiny frogs
  5 centaur skeletons
  14 naga magi
  A rime drake (shapeshifter) (Vaults:4)
  10 komodo dragons
  2 kobold demonologists
  3 freezing wraiths
  4 ice devils
  7 rime drakes
  44 yaktaurs
  2 tormentors
  2 hellwings
  5 tengu conjurers
  A merfolk (shapeshifter) (Vaults:5)
  A queen bee (D:8)
  A meliai (shapeshifter) (Elf:2)
  A troll (shapeshifter) (Depths:2)
  3 jumping spiders (shapeshifter)
  2 harpy zombies
  3 red devils
  5 trolls
  A jumping spider (Vaults:3)
  3 tyrant leeches
  A wind drake (shapeshifter) (D:13)
  2 bog bodies
  A slime creature (shapeshifter) (Vaults:5)
  5 polar bears
  20 hornets
  A hornet (shapeshifter) (Elf:2)
  3 dream sheep (Lair:5)
  40 slime creatures
  A spriggan zombie (Depths:2)
  10 blink frogs
  10 hippogriffs
  A stone giant simulacrum (Vaults:2)
  16 spriggans
  9 air elementals
  A flying skull (Vaults:3)
  A redback (shapeshifter) (D:15)
  3 wraiths
  11 wyverns
  4 redbacks
  5 shadows
  A tarantella (shapeshifter) (Elf:3)
  A ynoxinul (D:7)
  A tarantella (Vaults:1)
  2 fire elementals
  A yak (shapeshifter) (Depths:5)
  A basilisk (shapeshifter) (Depths:4)
  33 yaks
  3 basilisks
  7 water elementals
  3 humans (D:13)
  2 hungry ghosts
  A hog (shapeshifter) (D:15)
  A human (shapeshifter) (Elf:1)
  Grum (D:11)
  5 hogs (D:14)
  2 neqoxecs
  A yaktaur simulacrum (Vaults:2)
  2 golden eyes (shapeshifter)
  14 vampire mosquitoes
  5 wargs
  52 nagas
  14 insubstantial wisps
  12 swamp worms
  19 soldier ants
  8 water moccasins
  An acid dragon (shapeshifter) (Depths:3)
  A small abomination (Abyss:4)
  5 hell hounds
  3 acid dragons
  A floating eye (Depths:2)
  Duvessa (D:6)
  39 orc warriors
  12 porcupines
  10 sky beasts
  A slave (D:6)
  9 swamp drakes
  An ettin simulacrum (Depths:2)
  An ice beast (D:10)
  2 eyes of draining
  2 necrophages
  10 wolves
  32 centaurs
  An ogre (shapeshifter) (Vaults:1)
  8 boggarts
  45 ogres
  A crocodile (shapeshifter) (Depths:4)
  14 crocodiles
  3 big kobolds
  17 bullfrogs
  2 wyvern zombies
  A gnoll sergeant (D:9)
  3 earth elementals
  A human skeleton (Vaults:1)
  A glowing shapeshifter simulacrum (Vaults:1)
  Dowan (D:6)
  3 wyvern skeletons
  7 scorpions
  20 killer bees
  8 wights
  A nameless horror (Lair:6)
  5 electric eels
  A howler monkey (D:8)
  11 jellies
  A human simulacrum (Vaults:2)
  2 bullfrog zombies
  8 crimson imps
  2 bullfrog skeletons
  A quasit (Depths:3)
  24 orc priests
  10 hounds
  40 orc wizards
  5 iron imps
  3 iguanas
  26 worker ants
  5 lightning spires
  2 hound zombies
  A hound skeleton (D:7)
  11 gnolls
  14 adders
  4 river rats (D:3)
  5 shadow imps
  An ufetubus (Depths:3)
  5 oozes
  6 worms
  2 ball lightnings (Depths:1)
  7 dart slugs
  3 leopard geckos
  71 orcs
  7 giant cockroaches
  8 goblins
  6 hobgoblins
  11 jackals
  16 kobolds
  A quokka (D:8)
  2 ball pythons
  4 bats
  5 frilled lizards
  2 jackal skeletons
  A jackal zombie (D:6)
  A leopard gecko skeleton (D:7)
  6 rats
  11 briar patches (Swamp:4)
  8 fulminant prisms
  2 fungi
  A starspawn tentacle (Abyss:4)
2459 creatures vanquished.

Vanquished Creatures (collateral kills)
  A juggernaut (Depths:5)
  A golden dragon (Zot:4)
  An electric golem (Zot:5)
  3 Orb Guardians (Zot:5)
  2 sphinxes
  A quicksilver dragon (Zot:5)
  2 shadow dragons
  The ghost of Fips the Brawler, an adept TrMo of Nemelex Xobeh (Depths:2)
  A storm dragon (Zot:4)
  2 draconian monks (Zot:4)
  An orc warlord (Orc:2)
  A vault warden (Vaults:3)
  A deep elf sorcerer (Elf:3)
  A draconian scorcher (Zot:5)
  A ghost moth (Zot:3)
  Aizul (Snake:3)
  A very ugly thing (Depths:2)
  A draconian annihilator (Zot:5)
  2 deep elf demonologists (Elf:3)
  A yellow draconian (Zot:5)
  A red draconian (Zot:1)
  2 green draconians (Zot:5)
  3 purple draconians (Zot:5)
  A white draconian (Zot:5)
  An ogre mage (Vaults:1)
  2 vault guards
  4 hydras
  An ice dragon (Depths:2)
  A spriggan air mage (Depths:2)
  A naga sharpshooter (Snake:1)
  A hell knight (Vaults:2)
  2 deep elf knights
  A naga ritualist (Snake:2)
  A deep elf archer (Vaults:3)
  11 ball lightnings
  An orc sorcerer (Orc:2)
  4 ugly things (Vaults:1)
  A moth of wrath (Zot:5)
  A manticore (D:15)
  2 elephants
  3 black mambas
  A spiny frog (Lair:6)
  2 freezing wraiths
  A yaktaur (Vaults:3)
  A red devil (Lair:6)
  A polar bear (Lair:6)
  A blink frog (Lair:4)
  A slime creature (D:12)
  A dream sheep (Lair:5)
  A fire elemental (Elf:1)
  A yak (Lair:5)
  A steam dragon (D:12)
  4 soldier ants
  2 wargs
  2 nagas
  3 orc warriors
  2 ogres
  A wolf (D:11)
  A centaur (D:15)
  2 howler monkeys (D:11)
  4 orc priests
  6 orc wizards
  3 worker ants
  12 orcs
125 creatures vanquished.

Vanquished Creatures (others)
  5 ancient liches (Zot:5)
  3 orbs of fire (Zot:5)
  2 Killer Klowns (Zot:5)
  An electric golem (Zot:5)
  2 tentacled monstrosities (Zot:5)
  13 Orb Guardians (Zot:5)
  A death cob (Zot:5)
  A draconian stormcaller (Zot:5)
  A draconian annihilator (Zot:5)
  A green draconian (Zot:5)
  A yellow draconian (Zot:5)
  A red draconian (Zot:5)
  A white draconian (Zot:5)
  A death ooze (Depths:1)
  43 dancing weapons
  A deep elf knight (Vaults:2)
  548 ball lightnings
  3 moths of wrath (Zot:5)
  An orc warrior (Vaults:1)
  3 slaves (D:6)
  A jelly (Depths:1)
  98 fulminant prisms
  37 fungi
  29 plants
  A starspawn tentacle (Abyss:4)
  3 toadstools (Depths:1)
802 creatures vanquished.

Grand Total: 3386 creatures vanquished

Notes
Turn   | Place    | Note
-------+----------+-------------------------------------------
     0 | D:1      | mortelune the Vampire Conjurer began the quest for the Orb.
     0 | D:1      | Reached XP level 1. HP: 13/13 MP: 3/3
   604 | D:1      | Reached XP level 2. HP: 16/19 MP: 0/5
   857 | D:1      | Learned a level 2 spell: Searing Ray
  2116 | D:1      | Reached XP level 3. HP: 24/24 MP: 2/6
  2121 | D:1      | Learned a level 3 spell: Dazzling Flash
  3140 | D:2      | Found a hide-covered altar of Uskayaw.
  3200 | D:2      | Reached XP level 4. HP: 30/30 MP: 4/8
  3269 | D:2      | Found a white marble altar of Elyvilon.
  3354 | D:2      | Found a basalt altar of Yredelemnul.
  4340 | D:3      | Noticed a bullfrog
  4348 | D:3      | Killed a bullfrog
  4348 | D:3      | Reached XP level 5. HP: 21/35 MP: 1/9
  5115 | D:3      | Reached XP level 6. HP: 41/41 MP: 7/11
  5502 | D:3      | Learned a level 4 spell: Fulminant Prism
  5988 | D:4      | Found Zittisah's Food Shoppe.
  6593 | D:4      | Learned a level 1 spell: Sandblast
  6855 | D:4      | Reached skill level 1 in Fighting
  6855 | D:4      | Reached skill level 1 in Earth Magic
  6855 | D:4      | Reached XP level 7. HP: 18/48 MP: 1/12
  7396 | D:4      | Got a warped helmet
  7402 | D:4      | Identified the +2 helmet of Tenacity {rN+ Int+4 Dex+4} (You
                  | found it on level 4 of the Dungeon)
  7428 | D:5      | Entered Level 5 of the Dungeon
  7445 | D:5      | Reached skill level 5 in Conjurations
  8451 | D:5      | Reached skill level 5 in Hexes
  9063 | D:6      | Found a staircase to the Ecumenical Temple.
  9382 | D:6      | Noticed a two-headed ogre
  9553 | D:6      | Noticed Pikel
  9615 | D:6      | Killed Pikel
  9615 | D:6      | Reached XP level 8. HP: 57/57 MP: 1/13
  9712 | Temple   | Entered the Ecumenical Temple
  9884 | Temple   | Became a worshipper of Gozag Ym Sagoz the Greedy
 10048 | D:6      | Got a clouded brass ring
 10052 | D:6      | Identified the ring "Sahugej" {+Blink +Inv rElec Str+6
                  | Int+6 Dex-4} (You found it on level 6 of the Dungeon)
 10093 | D:6      | Found a sparkling altar of Nemelex Xobeh.
 10189 | D:6      | Noticed Dowan
 10577 | D:7      | Reached skill level 5 in Earth Magic
 10850 | D:7      | Reached skill level 5 in Dodging
 11592 | D:8      | Found Huxonoz's Armour Emporium.
 11644 | D:8      | Reached XP level 9. HP: 62/65 MP: 2/15
 11942 | D:8      | Reached skill level 5 in Spellcasting
 12037 | D:8      | Noticed a two-headed ogre
 12086 | D:8      | Killed a two-headed ogre
 12197 | D:8      | Found a shattered altar of Ashenzari.
 12360 | D:8      | Noticed a two-headed ogre
 12640 | D:8      | Reached XP level 10. HP: 73/73 MP: 13/19
 12907 | D:8      | Killed a two-headed ogre
 13154 | D:8      | Found a staircase to the Lair.
 13305 | D:8      | Found a shimmering altar of Xom.
 13424 | D:8      | Learned a level 5 spell: Lee's Rapid Deconstruction
 13428 | D:8      | Learned a level 3 spell: Stone Arrow
 13431 | D:8      | Learned a level 2 spell: Blink
 13434 | D:8      | Learned a level 2 spell: Passwall
 13901 | D:9      | Reached skill level 5 in Fighting
 16696 | D:10     | Entered Level 10 of the Dungeon
 16899 | D:10     | Reached XP level 11. HP: 80/80 MP: 15/22
 17537 | D:10     | Noticed a two-headed ogre
 17547 | D:10     | Killed a two-headed ogre
 17919 | D:10     | Found a shadowy altar of Dithmenos.
 18641 | D:6      | Noticed Duvessa
 18659 | D:6      | Killed Duvessa
 18785 | D:6      | Killed Dowan
 18968 | D:6      | You fall into a shaft and drop 3 floors!
 19092 | D:6      | Killed a two-headed ogre
 19508 | D:11     | Noticed a two-headed ogre
 19509 | D:11     | Noticed Fannar
 19660 | Lair:1   | Entered Level 1 of the Lair of Beasts
 20089 | Lair:1   | Found a sacrificial altar of Ru.
 20104 | Lair:1   | Noticed a five-headed hydra
 20562 | Lair:1   | Found a runed translucent gate.
 20562 | Lair:1   | Found a runed translucent gate.
 20562 | Lair:1   | Found a runed translucent gate.
 20565 | Lair:1   | Noticed Imnulubo's ghost (novice TeFE)
 20567 | Lair:1   | Noticed an 11-headed hydra
 20567 | Lair:1   | Noticed a nine-headed hydra
 21039 | Lair:1   | Reached skill level 10 in Earth Magic
 21504 | Lair:2   | Noticed a six-headed hydra
 21524 | Lair:2   | Killed a six-headed hydra
 21887 | Lair:2   | Reached XP level 12. HP: 75/89 MP: 14/24
 22970 | Lair:2   | Noticed an eight-headed hydra
 22989 | Lair:2   | Killed an eight-headed hydra
 23616 | Lair:2   | Bought a pair of scorched gloves for 228 gold pieces
 23628 | Lair:2   | Identified the +0 pair of gloves of Vuecaqih {MP-9 Str+2
                  | Int+4} (You bought it in a shop on level 2 of the Lair of
                  | Beasts)
 23638 | Lair:2   | Bought a runed scarf for 192 gold pieces
 24218 | Lair:3   | Found a staircase to the Snake Pit.
 25224 | Lair:3   | Found a staircase to the Swamp.
 26049 | Lair:4   | Learned a level 4 spell: Summon Lightning Spire
 26359 | Lair:4   | Reached skill level 1 in Air Magic
 26906 | Lair:4   | Noticed a four-headed hydra
 26911 | Lair:4   | Killed a four-headed hydra
 28058 | Lair:5   | Found a viscous altar of Jiyva.
 28059 | Lair:5   | Found a staircase to the Slime Pits.
 28424 | Lair:4   | Reached skill level 10 in Dodging
 28676 | Lair:5   | Reached XP level 13. HP: 98/98 MP: 12/26
 29365 | Lair:6   | Entered Level 6 of the Lair of Beasts
 30374 | Lair:6   | Noticed an entropy weaver
 30381 | Lair:6   | Killed an entropy weaver
 31334 | Lair:6   | Reached skill level 5 in Air Magic
 31742 | Lair:6   | Reached skill level 10 in Spellcasting
 33526 | Lair:6   | Noticed a dire elephant
 33580 | Lair:6   | Noticed an entropy weaver
 34284 | D:11     | Noticed Grum
 34576 | D:11     | Killed Grum
 35525 | D:11     | Noticed Snorg
 35530 | D:11     | Killed Snorg
 35861 | D:11     | Found a runed translucent door.
 35885 | D:11     | Found a runed translucent door.
 36079 | D:11     | Found a runed translucent door.
 36125 | D:11     | Found a runed translucent door.
 36336 | D:11     | Killed Fannar
 37407 | D:12     | Paralysed by a hornet for 3 turns
 37651 | D:12     | Found a staircase to the Orcish Mines.
 37988 | D:12     | Reached XP level 14. HP: 108/108 MP: 6/28
 41278 | D:13     | Found a gate to the Vaults.
 41352 | D:13     | Found a shimmering altar of Xom.
 41352 | D:13     | Noticed Kiokkeho's ghost (journeyman TrMo)
 41353 | D:13     | Found a runed translucent door.
 41412 | Orc:1    | Entered Level 1 of the Orcish Mines
 41965 | Orc:1    | Found a roughly hewn altar of Beogh.
 42302 | Orc:2    | Entered Level 2 of the Orcish Mines
 42484 | Orc:1    | Identified a scroll of acquirement
 42495 | Orc:1    | Got the Grimoire of the Scorching Mountains
 42503 | Orc:1    | Learned a level 6 spell: Iron Shot
 43113 | Orc:1    | Learned a level 6 spell: Statue Form
 43489 | Orc:2    | Paralysed by an orc sorcerer for 2 turns
 43936 | Orc:2    | Noticed an orc warlord
 43947 | Orc:2    | Killed an orc warlord
 44937 | Orc:2    | Found Hihozec's Jewellery Emporium.
 44940 | Orc:2    | Found Qushriw's Assorted Antiques.
 45003 | Orc:2    | Found Bath's Jewellery Shoppe.
 45005 | Orc:2    | Found Oxzeliza's Antique Armour Emporium.
 45012 | Orc:2    | Bought a distressingly furry robe for 199 gold pieces
 45022 | Orc:2    | Identified the +3 robe "Xistaner" {Str+7 Int+4 Slay+3} (You
                  | bought it in a shop on level 2 of the Orcish Mines)
 45027 | Orc:2    | Reached skill level 10 in Fighting
 45120 | Orc:2    | Bought a potion of heal wounds for 120 gold pieces
 45120 | Orc:2    | Bought a scroll labeled BOCVIUCV COTU for 24 gold pieces
 45122 | Orc:2    | Bought an uncursed ring of wizardry for 420 gold pieces
 45122 | Orc:2    | Bought an uncursed amulet of magic regeneration for 420
                  | gold pieces
 45426 | Orc:2    | Found a staircase to the Elven Halls.
 46112 | Orc:2    | Found a runed translucent gate.
 46116 | Orc:2    | Found a runed translucent gate.
 46117 | Orc:2    | Found a runed translucent gate.
 46119 | Orc:2    | Noticed GordonOverkill's ghost (journeyman MiWz)
 46180 | Orc:2    | Found an iron altar of Okawaru.
 46333 | D:14     | Found a flickering gateway to a bazaar.
 46341 | Bazaar   | Entered a bazaar
 46341 | Bazaar   | Found Paleuc's Magic Scroll Emporium.
 46341 | Bazaar   | Found Fepo's Magic Scroll Shop.
 46341 | Bazaar   | Found Wantas's Distillery.
 46353 | Bazaar   | Found Xoukhlua's Weapon Boutique.
 46353 | Bazaar   | Found Afigyg's Magic Scroll Shoppe.
 46387 | Bazaar   | Bought a scroll of blinking for 82 gold pieces
 46387 | Bazaar   | Bought a scroll of enchant armour for 82 gold pieces
 46387 | Bazaar   | Bought a scroll of enchant weapon for 82 gold pieces
 46387 | Bazaar   | Bought a scroll of acquirement for 572 gold pieces
 46387 | Bazaar   | Bought a scroll of blinking for 82 gold pieces
 46387 | Bazaar   | Bought a scroll of enchant weapon for 82 gold pieces
 46393 | Bazaar   | Bought a scroll of teleportation for 21 gold pieces
 46393 | Bazaar   | Bought a scroll of amnesia for 24 gold pieces
 46393 | Bazaar   | Bought a scroll of amnesia for 24 gold pieces
 46393 | Bazaar   | Bought a scroll of amnesia for 24 gold pieces
 46393 | Bazaar   | Bought a scroll of magic mapping for 24 gold pieces
 46393 | Bazaar   | Bought a scroll of fog for 14 gold pieces
 46393 | Bazaar   | Bought a scroll of identify for 14 gold pieces
 46393 | Bazaar   | Bought a scroll of immolation for 24 gold pieces
 46400 | Bazaar   | Bought the +8 war axe "Kesuodoo" {vorpal, Int+5} for 1003
                  | gold pieces
 46411 | Bazaar   | Bought a scroll of summoning for 123 gold pieces
 46411 | Bazaar   | Bought a scroll of teleportation for 39 gold pieces
 46411 | Bazaar   | Bought a scroll of immolation for 45 gold pieces
 46411 | Bazaar   | Bought 3 scrolls of enchant weapon for 292 gold pieces
 46422 | Bazaar   | Bought a potion of curing for 42 gold pieces
 46422 | Bazaar   | Bought a potion of heal wounds for 70 gold pieces
 46422 | Bazaar   | Bought a potion of heal wounds for 70 gold pieces
 46422 | Bazaar   | Bought a potion of heal wounds for 70 gold pieces
 46422 | Bazaar   | Bought a potion of heal wounds for 70 gold pieces
 46422 | Bazaar   | Bought a potion of curing for 42 gold pieces
 46422 | Bazaar   | Bought a potion of curing for 42 gold pieces
 46425 | Bazaar   | Bought a scroll of amnesia for 38 gold pieces
 46858 | D:14     | Reached skill level 10 in Air Magic
 47045 | D:14     | Found a shadowy altar of Dithmenos.
 47212 | D:14     | Reached XP level 15. HP: 115/115 MP: 14/29
 47882 | D:14     | Noticed Kirke
 47885 | D:14     | Killed Kirke
 48253 | D:15     | Entered Level 15 of the Dungeon
 48406 | D:15     | Noticed Roxanne
 48410 | D:15     | Killed Roxanne
 48743 | D:15     | Found a stormy altar of Qazlal.
 51154 | Lair:6   | Found a burning altar of Makhleb.
 51322 | Lair:6   | Found a gateway to Hell.
 51333 | Lair:6   | Identified the amulet "Yhesudagh" {Spirit rC+ Dex+2} (You
                  | found it on level 6 of the Lair of Beasts)
 52133 | D:15     | Found a staircase to the Depths.
 52351 | Lair:1   | Killed Imnulubo's ghost
 52803 | Snake:1  | Entered Level 1 of the Snake Pit
 53735 | Snake:1  | Noticed Louise
 53740 | Snake:1  | Killed Louise
 53797 | Snake:1  | Reached XP level 16. HP: 117/125 MP: 24/32
 54488 | Snake:1  | Learned a level 6 spell: Conjure Ball Lightning
 54754 | Snake:2  | Reached skill level 1 in Transmutations
 56226 | Snake:3  | Identified the +6 rapier of Perfectionism {freeze, *Rage
                  | +Inv +Fly rF++} (You found it on level 3 of the Snake Pit)
 56980 | Snake:3  | Noticed Aizul
 56986 | Snake:3  | Killed Aizul
 57396 | Snake:4  | Entered Level 4 of the Snake Pit
 57396 | Snake:4  | Noticed Vashnia
 57403 | Snake:3  | Killed Vashnia
 57904 | Snake:4  | Reached skill level 1 in Armour
 58131 | Snake:4  | Noticed Mara
 58136 | Snake:4  | Killed Mara
 58136 | Snake:4  | Reached skill level 15 in Earth Magic
 58136 | Snake:4  | Reached XP level 17. HP: 90/133 MP: 2/33
 59784 | Snake:4  | Reached skill level 5 in Armour
 60757 | Snake:4  | Got a serpentine rune of Zot
 60791 | Snake:4  | Identified the cursed +1 robe "Ygooraddu" {rPois rF+ Dex-2
                  | SInv}
 61177 | Snake:4  | Found a runed translucent door.
 61178 | Snake:4  | Noticed Soawkar's ghost (adept GrFi)
 61558 | Swamp:1  | Entered Level 1 of the Swamp
 62838 | Swamp:2  | Reached XP level 18. HP: 143/143 MP: 17/34
 63562 | Swamp:3  | Noticed a tentacled monstrosity
 63571 | Swamp:3  | Killed a tentacled monstrosity
 64530 | Swamp:4  | Entered Level 4 of the Swamp
 65804 | Swamp:4  | Got a decaying rune of Zot
 66262 | D:13     | Bought the +3 salamander hide armour {+Rage rF++} for 1845
                  | gold pieces
 66262 | D:13     | Found the +3 salamander hide armour {+Rage rF++}
 66290 | Vaults:1 | Entered Level 1 of the Vaults
 68882 | Vaults:1 | Reached XP level 19. HP: 153/153 MP: 20/35
 69761 | Vaults:1 | Found Wilof's Magic Scroll Boutique.
 70693 | Vaults:2 | Found Rirchur's Assorted Antiques.
 70696 | Vaults:2 | Bought a potion of heal wounds for 120 gold pieces
 70696 | Vaults:2 | Bought a potion of haste for 240 gold pieces
 71228 | Vaults:2 | Noticed Margery
 71333 | Vaults:2 | Killed Margery
 71762 | Vaults:2 | Reached skill level 15 in Fighting
 71882 | Vaults:2 | Identified the +1 whip "Jasise" {drain, rN+}
 72218 | Vaults:2 | Noticed a Tzitzimitl
 73314 | Vaults:2 | Reached skill level 1 in Evocations
 73317 | Vaults:2 | Noticed a golden dragon
 73402 | Vaults:2 | Killed a golden dragon
 73417 | Vaults:2 | Reached XP level 20. HP: 162/162 MP: 7/37
 74073 | Vaults:3 | Reached skill level 10 in Armour
 74596 | Vaults:3 | Found Ogicvofe's Magic Scroll Emporium.
 74596 | Vaults:3 | Found Sissiaba's Antique Weapon Emporium.
 74651 | Vaults:3 | Paralysed by a sphinx for 3 turns
 75282 | Vaults:3 | Bought a scroll of blinking for 142 gold pieces
 75282 | Vaults:3 | Bought a scroll of blinking for 142 gold pieces
 75282 | Vaults:3 | Bought a scroll of magic mapping for 66 gold pieces
 75282 | Vaults:3 | Bought a scroll of amnesia for 66 gold pieces
 75297 | Vaults:3 | Found Junt's Armour Emporium.
 75341 | Vaults:3 | Bought the cursed +0 pair of boots of Evinihaj {rElec Int+5
                  | Dex-4} for 264 gold pieces
 75362 | Vaults:3 | Learned a level 9 spell: Shatter
 76161 | Vaults:3 | Found a staircase to the Crypt.
 77185 | Vaults:3 | Identified the +7 plate armour of the Desert {+Fly Int-5
                  | Dex+3 Slay+3} (You found it on level 3 of the Vaults)
 77302 | Vaults:4 | Found a flickering gateway to a bazaar.
 77313 | Bazaar   | Entered a bazaar
 77313 | Bazaar   | Found Wefuz's Jewellery Emporium.
 77313 | Bazaar   | Found Rehut's General Store.
 77488 | Bazaar   | Found Usovoaff's Magic Scroll Boutique.
 77492 | Bazaar   | Found Huyrch Cuck's Weapon Shop.
 77529 | Bazaar   | Found Diwkogo's Antique Armour Shoppe.
 77537 | Bazaar   | Bought an encrusted leather armour for 147 gold pieces
 77537 | Bazaar   | Bought an ichor-stained ring mail for 189 gold pieces
 77537 | Bazaar   | Identified the +1 leather armour of Hide-and-Seek {rElec
                  | Regen+ Slay-4 SInv} (You bought it in a shop in a bazaar)
 77538 | Bazaar   | Identified the cursed +1 ring mail "Leneonk" {Str+4 Stlth+}
                  | (You bought it in a shop in a bazaar)
 77568 | Bazaar   | Bought a scroll of summoning for 142 gold pieces
 77568 | Bazaar   | Bought a scroll of magic mapping for 52 gold pieces
 77568 | Bazaar   | Bought a scroll of enchant armour for 112 gold pieces
 77568 | Bazaar   | Bought a scroll of enchant armour for 112 gold pieces
 77568 | Bazaar   | Bought a scroll of blinking for 112 gold pieces
 77568 | Bazaar   | Bought a scroll of fog for 30 gold pieces
 77591 | Bazaar   | Bought the cursed ring of Lady Luck {+Blink rPois rC+
                  | Dex-4} for 260 gold pieces
 79832 | Vaults:4 | Identified the Papyrus of Earthen Orientation
 79868 | Vaults:4 | Reached skill level 5 in Evocations
 80223 | Elf:1    | Entered Level 1 of the Elven Halls
 81372 | Elf:1    | Reached XP level 21. HP: 171/171 MP: 29/39
 81595 | Elf:1    | Found Itishro's Jewellery Emporium.
 81600 | Elf:1    | Bought the amulet of Leilacoq {rPois rN+ MR+ Regen+} for
                  | 561 gold pieces
 81600 | Elf:1    | Bought the ring "Uvix" {Fire rPois MR+ Dex-2 Slay+3} for
                  | 552 gold pieces
 84236 | Elf:2    | Found a runed translucent gate.
 84237 | Elf:2    | Found a runed translucent gate.
 84238 | Elf:2    | Found a runed translucent gate.
 84387 | Elf:2    | Identified the Catalogue of the Traveller and Envenoming
 86141 | Elf:3    | Entered Level 3 of the Elven Halls
 86141 | Elf:3    | Found a shimmering blue altar of Sif Muna.
 87028 | Elf:3    | Found Ynahapru's Gadget Shoppe.
 87028 | Elf:3    | Found Watunti's Jewellery Boutique.
 87029 | Elf:3    | Found Ingemil's Gadget Shoppe.
 87038 | Elf:3    | Bought a wand of clouds (6) for 540 gold pieces
 87602 | Elf:3    | Identified the +3 glaive of the Soothsayer {vorpal, rPois
                  | MP+9 Stlth-}
 87602 | Elf:3    | Identified the cursed ring of Cyhoit {rN+ Slay-4}
 88421 | Elf:3    | Reached skill level 1 in Shields
 88780 | Elf:3    | Reached skill level 15 in Spellcasting
 89075 | Elf:3    | Reached XP level 22. HP: 164/180 MP: 1/41
 89634 | Elf:3    | Identified the Compendium of Enthralling Augmentations
 89848 | Elf:3    | Identified the cursed -5 pair of gloves of Dim Light {SInv
                  | Stlth+} (You found it on level 3 of the Elven Halls)
 89909 | Elf:3    | Identified the Papyrus of Moulding and Beguiling
 90449 | Elf:3    | Got the amulet of Zoniarabb {Acrobat rN+ MP+9 Int+9}
 90751 | Depths:1 | Entered Level 1 of the Depths
 90810 | Depths:1 | Found a one-way gate to the infinite horrors of the Abyss.
 90950 | Depths:1 | Noticed Nikola
 91059 | Depths:1 | Killed Nikola
 91974 | Depths:1 | Noticed Sojobo
 92243 | D:15     | Killed Sojobo
 92943 | Depths:1 | Identified the +7 chain mail "Kopox" {rC+}
 93601 | Depths:1 | Reached skill level 15 in Dodging
 95332 | Depths:2 | Found a magical portal.
 95337 | WizLab   | Entered Wucad Mu's Monastery
 95804 | WizLab   | Found the +9 staff of Wucad Mu {channel}
 96028 | WizLab   | Reached XP level 23. HP: 188/188 MP: 42/42
 97163 | Depths:2 | Reached XP level 24. HP: 195/195 MP: 26/43
 98290 | Depths:2 | Noticed Fips's ghost (adept TrMo)
 98291 | Depths:2 | Noticed Ubraesch's ghost (adept TrMo)
 98293 | Depths:2 | Found a runed translucent door.
 98679 | Depths:2 | Found a runed translucent door.
 98683 | Depths:2 | Noticed Dameikh's ghost (veteran FoFi)
 98938 | Depths:2 | Killed Fips's ghost
 99638 | Depths:2 | Identified the cursed +0 cloak "Earthly Heaven" {rPois
                  | Str+6 Int-4} (You found it on level 2 of the Depths)
 99650 | Depths:2 | Found a runed translucent door.
101200 | Depths:3 | Found a gateway to a ziggurat.
101202 | Depths:3 | Found a portal to a secret trove of treasure.
101506 | Depths:3 | Learned a level 2 spell: Sublimation of Blood
101516 | Depths:3 | Learned a level 9 spell: Tornado
101901 | Depths:3 | Found a one-way gate leading to the halls of Pandemonium.
101970 | Depths:3 | Identified the +1 mace of Keradwae {antimagic, +Rage rElec
                  | rF- MR++}
102397 | Depths:3 | Found Becsi's Weapon Emporium.
102397 | Depths:3 | Found Fiucod's Magic Scroll Shoppe.
102406 | Depths:3 | Bought a scroll of fear for 45 gold pieces
102406 | Depths:3 | Bought a scroll of identify for 26 gold pieces
102406 | Depths:3 | Bought a scroll of magic mapping for 45 gold pieces
102406 | Depths:3 | Bought a scroll of identify for 26 gold pieces
102406 | Depths:3 | Bought a scroll of fear for 45 gold pieces
102406 | Depths:3 | Bought a scroll of fear for 45 gold pieces
102406 | Depths:3 | Bought a scroll of fear for 45 gold pieces
102406 | Depths:3 | Bought a scroll of amnesia for 45 gold pieces
102753 | Depths:3 | Noticed a juggernaut
102756 | Depths:3 | Noticed a juggernaut
102760 | Depths:3 | Killed a juggernaut
102760 | Depths:3 | Reached skill level 10 in Evocations
102761 | Depths:3 | Killed a juggernaut
102761 | Depths:3 | Reached skill level 15 in Air Magic
102961 | Depths:2 | Reached XP level 25. HP: 204/204 MP: 41/44
104573 | Depths:4 | Found a large runed translucent door.
104575 | Depths:4 | Found a large runed translucent door.
105086 | Depths:4 | Found a large runed translucent door.
105090 | Depths:4 | Found a large runed translucent door.
105092 | Depths:4 | Found a large runed translucent door.
105092 | Depths:4 | Found a large runed translucent door.
105749 | Depths:4 | Found a large runed translucent door.
105750 | Depths:4 | Found a large runed translucent door.
106429 | Depths:4 | Bought a scroll of fog for 44 gold pieces
106429 | Depths:4 | Bought a potion of magic for 176 gold pieces
106429 | Depths:4 | Bought a scroll of summoning for 209 gold pieces
106436 | Depths:4 | Bought a potion of curing for 126 gold pieces
106436 | Depths:4 | Bought a potion of curing for 126 gold pieces
106436 | Depths:4 | Bought a potion of resistance for 420 gold pieces
106436 | Depths:4 | Bought a potion of mutation for 336 gold pieces
106436 | Depths:4 | Bought a wand of acid (10) for 336 gold pieces
106436 | Depths:4 | Bought a scroll of teleportation for 126 gold pieces
106438 | Depths:4 | Bought a potion of heal wounds for 90 gold pieces
106438 | Depths:4 | Bought a potion of haste for 180 gold pieces
106438 | Depths:4 | Bought a potion of haste for 180 gold pieces
106438 | Depths:4 | Bought a potion of magic for 144 gold pieces
106438 | Depths:4 | Bought a potion of magic for 144 gold pieces
106438 | Depths:4 | Bought 2 potions of magic for 288 gold pieces
106438 | Depths:4 | Bought a potion of heal wounds for 90 gold pieces
106493 | Depths:3 | You paid a toll of 6 potions of haste to enter a treasure
                  | trove
106494 | Trove    | Entered a treasure trove
106771 | D:13     | Killed Kiokkeho's ghost
106774 | D:13     | Identified the Volume of the Rocks and the Birds
107017 | Orc:2    | Killed GordonOverkill's ghost
107026 | Orc:2    | Identified the +6 dire flail of Gallantry {drain, Int+3}
                  | (You found it on level 2 of the Orcish Mines)
107456 | Vaults:5 | Entered Level 5 of the Vaults
107777 | Vaults:5 | Noticed an ancient lich
107781 | Vaults:5 | Killed an ancient lich
107781 | Vaults:5 | Reached XP level 26. HP: 179/213 MP: 19/45
109482 | Vaults:5 | Got a silver rune of Zot
109498 | Vaults:5 | Identified the Collected Works on Creation
110223 | Vaults:5 | Identified the +4 morningstar of Fethrewayle {drain, rF+
                  | MR++ MP-9 Int+4} (You found it on level 5 of the Vaults)
110427 | Vaults:5 | Identified the +3 hat of Ymeuva {*Contam rElec Str+3 Int+8}
                  | (You found it on level 5 of the Vaults)
111114 | Depths:5 | Entered Level 5 of the Depths
111225 | Depths:5 | Reached skill level 15 in Evocations
111530 | Depths:5 | Found a glowing golden altar of the Shining One.
111806 | Depths:5 | Noticed a juggernaut
112434 | Depths:5 | Found a gate to the Realm of Zot.
112756 | Depths:5 | Killed a juggernaut
113305 | Zot:1    | Entered Level 1 of the Realm of Zot
113308 | Zot:1    | Reached XP level 27. HP: 221/221 MP: 28/46
113308 | Zot:1    | Noticed an orb of fire
113444 | Zot:1    | Killed an orb of fire
115936 | Zot:2    | Identified the ring of the Open Hand {Fire Str+8}
115953 | Zot:2    | Found a transporter.
115953 | Zot:2    | Found a transporter.
116301 | Zot:2    | Noticed an ancient lich
116871 | Zot:2    | Killed an ancient lich
117681 | Zot:2    | Identified the +1 helmet of Luocudgh {rN+ Stlth+} (You
                  | found it on level 2 of the Realm of Zot)
118754 | Zot:3    | Reached skill level 1 in Necromancy
121024 | Zot:4    | Reached skill level 5 in Necromancy
122309 | Zot:4    | Noticed an ancient lich
122313 | Zot:4    | Killed an ancient lich
123059 | Zot:4    | Found a stormy altar of Qazlal.
123657 | Zot:5    | Entered Level 5 of the Realm of Zot
124520 | Zot:5    | Noticed an ancient lich
124833 | Zot:5    | Noticed an orb of fire
124844 | Zot:5    | Noticed an orb of fire
124845 | Zot:5    | Noticed an ancient lich
124847 | Zot:5    | Noticed an orb of fire
124853 | Zot:5    | Gained mutation: You are occasionally teleported next to
                  | monsters. [an orb of fire]
124853 | Zot:5    | Killed an orb of fire
124862 | Zot:5    | Killed an ancient lich
124865 | Zot:5    | Killed an ancient lich
124873 | Zot:5    | Killed an ancient lich
124947 | Zot:5    | Killed an ancient lich
124960 | Zot:5    | Killed an orb of fire
125083 | Zot:5    | Reached skill level 10 in Necromancy
125205 | Zot:5    | Noticed an ancient lich
125214 | Zot:5    | Killed an ancient lich
125325 | Zot:5    | Noticed an ancient lich
125329 | Zot:5    | Paralysed by a Zot trap for 5 turns
125481 | Zot:5    | Lost mutation: You are occasionally teleported next to
                  | monsters. [potion of mutation]
125481 | Zot:5    | Gained mutation: Armour fits poorly on your strangely
                  | shaped body. [potion of mutation]
125481 | Zot:5    | Gained mutation: Your system is resistant to poisons.
                  | (rPois) [potion of mutation]
125678 | Zot:5    | Killed an ancient lich
126284 | Zot:5    | Got the Orb of Zot
126341 | Zot:5    | Noticed a seraph
126482 | Depths:3 | Noticed a seraph
126546 | D:15     | Noticed Yrchyrip the pandemonium lord
126546 | D:15     | Noticed an ancient lich
126549 | D:15     | Killed an ancient lich
126551 | D:15     | Killed Yrchyrip the pandemonium lord
126868 | D:3      | Noticed Cuyh the pandemonium lord
126869 | D:3      | Paralysed by Cuyh for 7 turns
126875 | D:3      | Cast into level 4 of the Abyss (Cuyh)
126952 | Abyss:4  | Gained mutation: You are weak. (Str -2) [a neqoxec]
126967 | D:3      | Escaped the Abyss
126973 | D:3      | Killed Cuyh the pandemonium lord
127101 | D:$      | Escaped with the Orb!

Illustrated notes

Levels and vault maps discovered:
D:1:      dpeg_arrival_three_bigger_balls, layout_loops_corners
D:2:      layout_loops_corners, eat_drink_and_be_merry_uskayaw,
          yredelemnul_altar_generic, lemuel_coloured_pillars_altar,
          grunt_decor_mini_mirrors
D:3:      kb_forest_paths, layout_basic, serial_forest,
          infiniplex_forest_clump_medium, infiniplex_forest_clump_cross,
          infiniplex_forest_lined_1, infiniplex_forest_lined_4_way,
          infiniplex_forest_end_2, infiniplex_forest_corner_1,
          infiniplex_forest_lined_room_2, infiniplex_forest_lined_room_3,
          infiniplex_forest_diagonal, portal_sewer_entry_e, first_ration
D:4:      layout_loops_corners, serial_co_window_serial, co_window_paths_a,
          co_window_corner_a, co_window_corner_a, co_window_corner_a,
          co_window_paths_a, co_window_of_opportunity_a, co_window_paths_b,
          co_window_paths_a, co_window_of_opportunity_a, co_window_corner_cb,
          co_window_2corner, co_window_broadway_a, co_window_broadway_c,
          co_window_2corner, co_window_corner_b, glass_columns_b, serial_shops,
          shop, grunt_ministairs_10
D:5:      layout_rooms, serial_co_window_serial, co_window_corner_a,
          co_window_cross_1, co_window_paths_a, co_window_of_opportunity_a,
          co_window_paths_b, co_window_corner_a, co_window_paths_a,
          co_window_of_opportunity_a, co_window_paths_a, co_window_corner_cb,
          co_window_corner_b, co_window_broadway_a, glass_columns_b
D:6:      layout_basic, nemelex_altar_shiori, minmay_temple_entry_statues,
          item_on_display_b, uniq_duvessa, uniq_pikel
D:7:      layout_gridville, minmay_fractal_squares_diagonal_5
D:8:      layout_cave_pools, nicolae_ashenzari_panopticon, marbit_many_paths,
          grunt_lair_entry_orc_guard_hut, serial_shops, nicolae_shop_crystal
D:9:      layout_roguey, david_nohive_1, nrook_pool_corridor,
          minmay_misc_feat_tower
D:10:     layout_roguey, hex_tiny, grunt_dithmenos_shadows
D:11:     layout_cave_pods, minmay_statue_crystal_thing, uniq_snorg,
          uniq_fannar, uniq_grum
D:12:     layout_loops_ring, minivault_25_ag
D:13:     layout_basic, grunt_vaults_entry_fortified, ebering_ghost_xom
D:14:     layout_roguey, serial_corexii_hall, corexii_hall_statues_x,
          corexii_hall_statues_l, serial_shops, bzr_entry_water,
          minmay_ruined_shrine, uniq_kirke
D:15:     gammafunk_enter_depths_forms, layout_irregular_city,
          grunt_decor_resistance, lemuel_statue_altar, uniq_roxanne
Temple:   eino_temple_rhombus
Lair:1:   layout_cave_pods, basic_altar, gammafunk_ghost_hydra_chop,
          st_stairs_12, grunt_forest_large_clearing_hut
Lair:2:   layout_cave_pods
Lair:3:   layout_chaotic_city, swamp_mist_pool, guppyfry_snake_entry_island,
          cheibrodos_lair_lostbears, serial_bayou_shore_b, lemuel_fruit_tree
Lair:4:   layout_gridlike, grunt_forest_small_clearings, beast_lair_carwin_10,
          infiniplex_staircase_pool, grunt_megastairs_5
Lair:5:   layout_hall_layers, slime_altar_1, serial_forest,
          infiniplex_forest_lined_room_, infiniplex_forest_corner_1,
          infiniplex_forest_end_2, infiniplex_forest_straight_2,
          infiniplex_forest_clump_curved
Lair:6:   evil_forest, layout_gridlike, zaba_anthell
Swamp:1:  layout_falls_marsh, nicolae_swamp_orc_logging_accident
Swamp:2:  layout_basic_swamp, serial_swamp_ruin, evilmike_swamp_ruin_house_5,
          evilmike_swamp_ruin_rubble_2, evilmike_swamp_ruin_house_1
Swamp:3:  layout_basic_swamp, hangedman_swamp_pad, swamp_pool3
Swamp:4:  swamp_alternative, layout_basic_swamp
Snake:1:  layout_grid_shapes, nicolae_snake_serpentine_hallways,
          nicolae_large_snake_swirl, uniq_louise
Snake:2:  layout_gridlike
Snake:3:  layout_grid_maze, uniq_aizul
Snake:4:  grunt_snake_rune_serpentine_throne, layout_misc_corridors,
          gammafunk_ghost_grave, uniq_vashnia, uniq_mara
Orc:1:    layout_caves, basic_altar
Orc:2:    st_orc_mages, layout_caves, gammafunk_ghost_fury_of_okawaru
Elf:1:    elf_arrival_001, layout_loops_ring, serial_shops,
          nicolae_shop_behind_doors, minivault_28
Elf:2:    layout_loops_cross, nicolae_elf_stair_hall,
          minmay_the_grid_square_5x5_3x3_mashed
          [minmay_the_grid_square_5x5_sharp_hourglass,
          minmay_the_grid_square_5x5_six_small,
          minmay_the_grid_square_5x5_percent,
          minmay_the_grid_square_5x5_tetrominoes,
          minmay_the_grid_square_5x5_megaprize_open,
          minmay_the_grid_square_5x5_three, minmay_the_grid_square_5x5_slash,
          minmay_the_grid_square_5x5_two_walls_a,
          minmay_the_grid_square_5x5_eight_small], lemuel_elevator
Elf:3:    elf_hall, layout_loops_cross, basic_altar, minmay_shop_grove
Vaults:1: v_rooms_3, st_star, nicolae_vaults_little_squares_2,
          vaults_room_door_ring, nicolae_vaults_alarming, vaults_room_boxed,
          vaults_dpeg_cross, vaults_room_door_hall,
          hangedman_vaults_corner_blocks, hangedman_vaults_corner, v_misc_27,
          ontoclasm_vaults_gateway, v_misc_15,
          hangedman_vaults_stretched_pinwheel, layout_vaults_omnibox,
          serial_shops, nicolae_shop_crystal
Vaults:2: v_alt_pattern_6, st_greater_box_2, hangedman_vaults_trim, v_misc_24,
          nicolae_vaults_theta, grunt_vaults_swirl, vaults_dpeg_hooks,
          nicolae_vaults_bisected_slash, vaults_room_fours, v_misc_4,
          layout_vaults_omnicross, serial_shops, nicolae_shop_behind_doors,
          uniq_margery
Vaults:3: hangedman_vaults_hard_town_square, minmay_crypt_entry_simple_box,
          v_misc_30, vaults_mumra_hexcomb, vaults_dpeg_ring,
          dpeg_vaults_monster_box, vaults_dpeg_encased_lava,
          nicolae_vaults_little_squares_4, layout_vaults_chaotic_city
Vaults:4: grunt_vaults_hallway_short, v_misc_3, nicolae_vaults_circle_grid_a,
          vaults_room_door_ring, nicolae_vaults_little_squares_5,
          vaults_mumra_lcd, layout_vaults_omnigrid, serial_shops,
          bzr_entry_islet
Vaults:5
Depths:1: layout_gridville, abyss_entry, chequers_serial_rivers_small_b,
          hell_entry, special_room [special_room_jelly],
          minmay_gold_behind_fungi, hangedman_decor_diamond_cutter, drop_trap,
          hangedman_aerie_drop, uniq_sojobo, uniq_nikola
Depths:2: minmay_slanted_spiral_squares, layout_basic, grunt_hell_entry_dis_old,
          mu_enter_wizlab_2, muffindrake_ghost_three_little_ghosts,
          serial_bayou_shore_b
Depths:3: minmay_tearing_corner, layout_cave_shapes, enter_ziggurat_e,
          grunt_pan_entry_spiral, solitary_fountain, hell_entry, enter_trove_1,
          minmay_shoptagon, infiniplex_staircase_zigzag_4, grunt_megastairs_2
Depths:4: minmay_five_octagons, layout_basic, hell_entry,
          rand_demon_pan_entry_5, abyss_entry, minivault_16,
          minmay_misc_feat_columns, kb_rosetta, minmay_staircase_bubble,
          serial_bayou_shore_b
Depths:5: grunt_zot_entry_tricorne, layout_basic, abyss_entry,
          kennysheep_flooded_box, hell_entry, minivault_16
Zot:1:    layout_basic
Zot:2:    gammafunk_the_bubble [the_bubble_gammafunk_split], layout_gridlike,
          amethyst_zot_foddershock
Zot:3:    gammafunk_mikee_crab_dinner, layout_cellular_growth
Zot:4:    regret_index_qazlal_generations, layout_misc_corridors
Zot:5:    layout_concentric_octagons, hangedman_zot_decor_checkerboard,
          grunt_ministairs_12

Skill      XL: |  1  2  3  4  5  6  7  8  9 10 11 12 13 14 15 16 17 18 19 20 21 22 23 24 25 26 27 |
---------------+----------------------------------------------------------------------------------+-----
Conjurations   | 3 4 5 6 |  6.5
Spellcasting   | 3 4 6 7 8 9 10 12 13 14 15 16 17 18 19 20 | 20.7
Hexes          | 2 3 4 6 |  6.3
Fighting       | 1 2 3 4 5 6 8 9 10 11 12 13 14 15 16 17 18 19 20 | 20.5
Earth Magic    | 1 4 5 7 8 10 11 12 13 14 15 16 17 18 19 20 21 22 | 22.7
Dodging        | 4 5 6 7 8 10 11 12 13 14 15 16 18 19 22 | 22.0
Air Magic      | 3 7 10 11 12 13 14 15 16 18 | 18.7
Transmutations | 2 |  2.0
Armour         | 2 6 8 9 10 11 | 11.6
Evocations     | 1 5 7 10 13 15 17 | 17.6
Shields        | 3 4 |  4.0
Necromancy     | 11 | 11.9
Stealth        | |  3.0

Action                   |  1- 3 |  4- 6 |  7- 9 | 10-12 | 13-15 | 16-18 | 19-21 | 22-24 | 25-27 || total
-------------------------+-------+-------+-------+-------+-------+-------+-------+-------+-------++-------
Melee: Club              |    15 |       |       |       |       |       |       |       |       ||    15
       Short sword       |       |    31 |       |       |       |       |       |       |       ||    31
       Bite              |       |     1 |     1 |     3 |     9 |     1 |     5 |     6 |    19 ||    45
       Whip              |       |     1 |    14 |    14 |    77 |       |       |       |       ||   106
       War axe           |       |       |       |       |    22 |    35 |    70 |    66 |    68 ||   261
       Staff             |       |       |       |       |       |       |       |     7 |    22 ||    29
 Cast: Magic Dart        |    84 |   104 |   130 |    93 |    93 |     1 |     1 |       |       ||   506
       Searing Ray       |     5 |    13 |    21 |       |       |       |       |       |       ||    39
       Dazzling Flash    |     1 |       |       |       |       |       |       |       |       ||     1
       Fulminant Prism   |       |     2 |    12 |    52 |    40 |       |       |       |       ||   106
       Sandblast         |       |       |    31 |    15 |       |       |       |       |       ||    46
       Lee's Rapid Decon |       |       |       |    86 |   244 |   113 |   153 |    95 |    46 ||   737
       Stone Arrow       |       |       |       |   206 |   231 |       |       |       |       ||   437
       Summon Lightning  |       |       |       |     5 |    71 |    12 |    22 |    12 |    14 ||   136
       Blink             |       |       |       |     1 |    13 |       |       |       |       ||    14
       Iron Shot         |       |       |       |       |   165 |   260 |   256 |   136 |   341 ||  1158
       Statue Form       |       |       |       |       |    10 |   105 |    52 |    19 |    21 ||   207
       Conjure Ball Ligh |       |       |       |       |       |   170 |    65 |    11 |     2 ||   248
       Shatter           |       |       |       |       |       |       |    52 |   139 |   218 ||   409
       Tornado           |       |       |       |       |       |       |       |     4 |    62 ||    66
       Sublimation of Bl |       |       |       |       |       |       |       |       |    22 ||    22
Invok: Call Merchant     |       |       |       |     1 |       |     2 |       |       |     3 ||     6
       Potion Petition   |       |       |       |       |       |       |       |     3 |     2 ||     5
       Bribe Branch      |       |       |       |       |       |       |       |       |     2 ||     2
 Abil: End Transformatio |       |       |       |       |       |     2 |     2 |       |     1 ||     5
Evoke: Wand              |       |       |       |     5 |     1 |       |       |       |     3 ||     9
       Staff of energy   |       |       |       |       |     1 |       |       |     5 |       ||     6
       Staff of Wucad Mu |       |       |       |       |       |       |       |     8 |    18 ||    26
       Phantom mirror    |       |       |       |       |       |       |       |     1 |       ||     1
  Use: Scroll            |       |     4 |     5 |     8 |    23 |    13 |    19 |    15 |    16 ||   103
       Potion            |       |       |       |     4 |     2 |       |     6 |     7 |     5 ||    24
 Stab: Distracted        |       |       |       |       |     3 |       |     2 |     1 |       ||     6
       Sleeping          |       |       |       |       |       |       |       |     8 |       ||     8
       Invisible         |       |       |       |       |       |       |       |     1 |       ||     1
Armor: Robe              |     4 |    12 |    30 |    17 |    75 |     3 |    16 |    40 |    11 ||   208
       Skin              |       |       |       |       |    51 |   257 |   111 |   105 |    98 ||   622
       Leather armour    |       |       |       |       |       |     8 |     7 |       |    79 ||    94
Dodge: Dodged            |     7 |    32 |    69 |   102 |   455 |   453 |   293 |   347 |   705 ||  2463
Block: Other             |       |       |       |       |       |       |    10 |       |       ||    10
       Reflection        |       |       |       |       |       |       |     6 |    12 |    15 ||    33
       Buckler           |       |       |       |       |       |       |     4 |   124 |   179 ||   307
